 Dungeon Crawl Stone Soup version 0.31-a0-165-g3f4f80340b (webtiles) character file.

Game seed: 4206859110950841072

7459 qw the Skirmisher (level 11, -8/71 HPs)
             Began as a Gargoyle Hunter on June 13, 2023.
             Was a Priest of Okawaru.
             Killed from afar by Maggie (29 damage)
             ... with a bolt of fire
             ... on level 1 of the Lair of Beasts.
             The game lasted 00:04:05 (9009 turns).

qw the Skirmisher (Gargoyle Hunter)                 Turns: 9009, Time: 00:04:06

Health: -8/71      AC: 20    Str: 14    XL:     11   Next: 15%
Magic:  13/14      EV: 17    Int: 11    God:    Okawaru [***...]
Gold:   543        SH:  0    Dex: 17    Spells: 10/10 levels left

rFire   . . .        f - +0 arbalest
rCold   . . .        (shield currently unavailable)
rNeg    + . .        m - +2 steam dragon scales
rPois   inf          (no helmet)
rElec   +            (no cloak)
rCorr   +            (no gloves)
SInv    .            g - +2 pair of boots
Will    .....        (no amulet)
Stlth   +++          h - ring of resist corrosion
HPRegen 0.31/turn    (no ring)
MPRegen 0.14/turn

%: no passive effects
@: heroic, mesmerised
A: sickness immunity, AC +8, negative energy resistance 1, electricity
resistance, torment resistance 1, petrification resistance
a: Renounce Religion, Heroism


You were on level 1 of the Lair of Beasts.
You worshipped Okawaru.
Okawaru was most pleased with you.
You visited 3 branches of the dungeon, and saw 10 of its levels.
You also visited: Sewer and Ossuary.

You collected 543 gold pieces.


Innate Abilities, Weirdness & Mutations

You are immune to sickness and miasma.
Your stone body is resilient. (AC +8)
You are immune to poison.
You resist negative energy. (rN+)
You are resistant to electric shocks. (rElec)
You are resistant to unholy torment.
You are immune to petrification.


   Skills:
 - Level 9.0(14.0) Fighting
 + Level 13.7(18.7) Ranged Weapons
 - Level 3.1(8.1) Armour
 - Level 4.0(9.0) Dodging
 - Level 1.1(6.1) Stealth
 - Level 4.2 Invocations


You had 10 spell levels left.
You didn't know any spells.
Your spell library was empty.

Inventory:

Hand Weapons
 f - a +0 arbalest (weapon)
Armour
 e - a +0 cloak of stealth
 g - a +2 pair of boots (worn)
 m - +2 steam dragon scales (worn)
Jewellery
 h - a ring of resist corrosion (left hand)
Wands
 d - a wand of digging (6)
Scrolls
 b - 5 scrolls of identify
 c - 3 scrolls of teleportation
Potions
 a - a potion of might
 i - 2 potions of resistance
 j - 5 potions of curing
 k - a potion of haste
 l - a potion of cancellation

Dungeon Overview and Level Annotations

Branches:
Dungeon (8/15)             Temple (1/1) D:4            Lair (1/5) D:8
  Sewer (visited)         Ossuary (visited)

Altars:
Dithmenos
Elyvilon
Fedhas
Gozag
Hepliaklqana
Makhleb
Nemelex Xobeh
Okawaru
Qazlal
Ru
Uskayaw
Vehumet
Wu Jian
Xom
Yredelemnul
Zin
The Shining One

Annotations:
Lair:1 Maggie


Message History

You shoot a bolt. The bolt hits the water moccasin.
The water moccasin is severely wounded.
The water moccasin bites you but does no damage.
The water moccasin closely misses you. Maggie casts a spell at you.
The bolt of fire hits you!
9000 ||| INVOKING Heroism.
You gain the combat prowess of a mighty hero.
The water moccasin bites you. Maggie hits you with a +0 war axe.
The water moccasin barely misses you.
You shoot a bolt. The bolt hits the water moccasin!
You kill the water moccasin!
Okawaru accepts your kill. Maggie barely misses you.
You shoot a bolt. The bolt hits Maggie.
Maggie is lightly wounded.
Maggie misses you.
You shoot a bolt. The bolt barely misses Maggie.
Maggie misses you.
You shoot a bolt.
The bolt hits Maggie but does no damage.
Maggie is lightly wounded.
Maggie hits you with a +0 war axe.
You shoot a bolt. The bolt barely misses Maggie.
You are no longer corroded.
Maggie zaps a wand.
The bolt of acid hits you! You resist.
You shoot a bolt. The bolt hits Maggie!
Maggie is moderately wounded.
Maggie gestures wildly while chanting.
Maggie draws you further into her thrall.
You shoot a bolt. The bolt hits Maggie!
Maggie is heavily wounded.
Maggie zaps a wand.
The bolt of acid misses you.
You shoot a bolt. The bolt hits Maggie!!
Maggie is severely wounded.
Maggie barely misses you.
You shoot a bolt. The bolt barely misses Maggie.
Maggie gestures at you while chanting. The bolt of fire hits you!!
You die...

# #......P# ..... ...# ###....##
...(. ....# #....P##....# .....#
#....##.....# ......#
##...##....# # .....###.......#
## # .........P...# ####. # ####
#####.@.#.....#####....
####..#####.####@...........%...(
...%........................%....
.................................
.................................
##............####......#########
###.........### #........ #
#.....##### ......##. ##..###
..#...# # ##.# ..#


You could see Maggie (mesmerising, resistant).

Vanquished Creatures
  A black mamba (Lair:1)
  A torpor snail (Lair:1)
  A rime drake (D:8)
  2 komodo dragons (Lair:1)
  A polar bear (D:8)
  4 dream sheep (Lair:1)
  2 steam dragons
  3 water moccasins
  3 orc warriors
  4 ice beasts
  3 sky beasts
  4 black bears
  2 ogres
  2 wolves (D:8)
  3 centaurs
  2 phantoms
  11 bullfrogs
  A kobold brigand (D:7)
  2 gnoll sergeants
  An elf zombie (Ossuary)
  2 scorpions (D:7)
  4 wights
  A water moccasin skeleton (D:3)
  A howler monkey (D:7)
  A centaur zombie (Ossuary)
  3 human zombies (Ossuary)
  3 jellies
  2 orc priests
  5 hounds
  5 iguanas
  3 sleepcaps
  5 orc wizards
  Ijyb (D:3)
  A hound zombie (Ossuary)
  3 mummies (Ossuary)
  8 gnolls
  10 adders
  A shadow imp (D:5)
  An ufetubus (D:4)
  An adder skeleton (D:3)
  6 adder zombies
  4 worms
  A dart slug (D:1)
  24 orcs
  14 ball pythons
  4 bats
  7 endoplasms
  10 giant cockroaches
  A gnoll zombie (Ossuary)
  8 goblins
  5 hobgoblins
  3 jackals (D:2)
  A kobold (D:2)
  15 quokkas
  11 frilled lizards
  4 goblin zombies (Ossuary)
  4 hobgoblin zombies (Ossuary)
  2 jackal zombies (Ossuary)
  3 kobold zombies (Ossuary)
  2 orc zombies (Ossuary)
  4 quokka zombies
  9 rats
  10 rat zombies
266 creatures vanquished.

Vanquished Creatures (others)
  An orc wizard (D:7)
1 creature vanquished.

Grand Total: 267 creatures vanquished

Notes
Turn   | Place    | Note
-------+----------+-------------------------------------------
     0 | D:1      | qw the Gargoyle Hunter began the quest for the Orb.
     0 | D:1      | Reached XP level 1. HP: 12/12 MP: 1/1
     0 | D:1      | 0 ||| qw: Version: 0.2-a-29-gc1b59c4
     0 | D:1      | 0 ||| qw: Game counter: 4689
     0 | D:1      | 0 ||| qw: Always use a shield: true
     0 | D:1      | 0 ||| qw: God list: Okawaru
     0 | D:1      | 0 ||| qw: Allow faded altars: false
     0 | D:1      | 0 ||| qw: Do Orc after D:15 true
     0 | D:1      | 0 ||| qw: Do second Lair branch before Depths: true
     0 | D:1      | 0 ||| qw: Lair rune preference: random
     0 | D:1      | 0 ||| qw: Plans: Normal, Zot:1-4, Slime:5, God:TSO, Crypt,
                  | Tomb, Abyss, Pan, Hells, Win
     0 | D:1      | 0 ||| PLANNING D:1-11
    66 | D:1      | HP: 2/12 [quokka (4)]
   162 | D:1      | Reached XP level 2. HP: 16/17 MP: 2/2
   218 | D:1      | You fall into a shaft and drop 1 floor!
   239 | D:2      | Reached XP level 3. HP: 19/21 MP: 3/3
   405 | D:2      | Reached skill level 5 in Ranged Weapons
   479 | D:2      | 479 ||| FLEEEEING.
   480 | D:2      | 480 ||| FLEEEEING.
   486 | D:2      | 486 ||| STAIRDANCE
   942 | D:1      | 942 ||| UPGRADING to +0 ring mail.
   952 | D:1      | 952 ||| DROPPING +0 leather armour.
   953 | D:1      | 953 ||| DROPPING ring of flight.
   954 | D:1      | 954 ||| READING scroll labelled SOIDUOTSANN.
   955 | D:1      | 955 ||| READING scroll labelled KIPUPR PEMNIT.
   956 | D:1      | 956 ||| DROPPING scroll of butterflies.
  1317 | D:2      | Reached skill level 1 in Armour
  1510 | D:2      | Reached XP level 4. HP: 27/27 MP: 4/4
  1792 | D:2      | Reached skill level 3 in Fighting
  1829 | D:2      | 1829 ||| READING scroll labelled TUC TOREDOA.
  1930 | D:2      | 1930 ||| READING scroll labelled GUEPNAG BAEGHIHANN.
  1931 | D:2      | 1931 ||| READING scroll labelled MORUCS FOARI.
  1936 | D:2      | 1936 ||| DRINKING 2 red potions.
  1937 | D:2      | 1937 ||| READING 2 scrolls of identify.
  1937 | D:2      | 1937 ||| IDENTIFYING viscous sapphire potion
  2030 | D:3      | 2030 ||| PLANNING SEWER
  2032 | D:3      | 2032 ||| STAIRDANCE
  2144 | D:3      | Noticed Ijyb
  2146 | D:3      | 2146 ||| FLEEEEING.
  2148 | D:3      | 2148 ||| FLEEEEING.
  2149 | D:3      | 2149 ||| FLEEEEING.
  2150 | D:3      | 2150 ||| FLEEEEING.
  2151 | D:3      | 2151 ||| FLEEEEING.
  2152 | D:3      | 2152 ||| FLEEEEING.
  2153 | D:3      | 2153 ||| FLEEEEING.
  2154 | D:3      | 2154 ||| FLEEEEING.
  2158 | D:3      | 2158 ||| FLEEEEING.
  2159 | D:3      | 2159 ||| FLEEEEING.
  2160 | D:3      | 2160 ||| FLEEEEING.
  2161 | D:3      | 2161 ||| FLEEEEING.
  2162 | D:3      | 2162 ||| FLEEEEING.
  2163 | D:3      | 2163 ||| FLEEEEING.
  2164 | D:3      | 2164 ||| FLEEEEING.
  2165 | D:3      | 2165 ||| FLEEEEING.
  2166 | D:3      | 2166 ||| FLEEEEING.
  2172 | D:3      | Killed Ijyb
  2225 | D:3      | Reached XP level 5. HP: 27/32 MP: 5/5
  2229 | D:3      | Reached skill level 6 in Ranged Weapons
  2299 | D:3      | Found a basalt altar of Yredelemnul.
  2368 | D:3      | Found a glowing drain.
  2376 | D:3      | 2376 ||| READING 3 scrolls labelled ATREDE ZUAXZA.
  2377 | D:3      | 2377 ||| READING 2 scrolls of enchant weapon.
  2377 | D:3      | 2377 ||| ENCHANTING +1 shortbow of draining.
  2378 | D:3      | 2378 ||| READING scroll of enchant weapon.
  2378 | D:3      | 2378 ||| ENCHANTING +2 shortbow of draining.
  2388 | Sewer    | Entered a sewer
  2394 | Sewer    | 2394 ||| Stepping ~*~*~tactically~*~*~ (water).
  2402 | Sewer    | 2402 ||| Stepping ~*~*~tactically~*~*~ (water).
  2436 | Sewer    | 2436 ||| Stepping ~*~*~tactically~*~*~ (water).
  2504 | Sewer    | 2504 ||| Stepping ~*~*~tactically~*~*~ (water).
  2527 | Sewer    | 2527 ||| Stepping ~*~*~tactically~*~*~ (water).
  2539 | Sewer    | Reached XP level 6. HP: 38/38 MP: 6/6
  2655 | Sewer    | 2655 ||| Stepping ~*~*~tactically~*~*~ (water).
  2688 | Sewer    | Identified the +9 scale mail of Activism {rElec rF+ Int+3}
  2877 | Sewer    | 2877 ||| READING scroll labelled VENGUBRUKK.
  2897 | D:3      | 2897 ||| PLANNING D:1-11
  2911 | D:3      | Found a faded altar of an unknown god.
  2944 | D:3      | Reached skill level 7 in Ranged Weapons
  3382 | D:3      | 3382 ||| READING scroll labelled HEF UVUISTIADA.
  3383 | D:3      | 3383 ||| READING scroll labelled RUQEEJ QAWAE.
  3384 | D:3      | 3384 ||| READING 2 scrolls of identify.
  3384 | D:3      | 3384 ||| IDENTIFYING emerald potion
  3385 | D:3      | 3385 ||| DROPPING potion of berserk rage.
  3430 | D:4      | 3430 ||| READING scroll of enchant weapon.
  3430 | D:4      | 3430 ||| ENCHANTING +3 shortbow of draining.
  3571 | D:4      | Reached XP level 7. HP: 43/43 MP: 7/7
  3775 | D:4      | Found a staircase to the Ecumenical Temple.
  3776 | D:4      | 3776 ||| PLANNING TEMPLE
  3776 | D:4      | 3776 ||| READING scroll labelled KILLUT ROLORGH.
  3777 | D:4      | 3777 ||| READING 3 scrolls of identify.
  3777 | D:4      | 3777 ||| IDENTIFYING amethyst potion
  3778 | D:4      | 3778 ||| DROPPING potion of enlightenment.
  3787 | Temple   | Entered the Ecumenical Temple
  3791 | Temple   | 3791 ||| PLANNING OKAWARU WORSHIP
  3852 | Temple   | Became a worshipper of Warmaster Okawaru
  3852 | Temple   | 3852 ||| PLANNING D:1-11
  4077 | D:5      | Entered Level 5 of the Dungeon
  4301 | D:5      | Reached skill level 8 in Ranged Weapons
  4326 | D:5      | 4326 ||| FLEEEEING.
  4327 | D:5      | 4327 ||| FLEEEEING.
  4328 | D:5      | 4328 ||| FLEEEEING.
  4329 | D:5      | 4329 ||| FLEEEEING.
  4330 | D:5      | 4330 ||| FLEEEEING.
  4331 | D:5      | 4331 ||| FLEEEEING.
  4332 | D:5      | 4332 ||| FLEEEEING.
  4333 | D:5      | 4333 ||| FLEEEEING.
  4334 | D:5      | 4334 ||| FLEEEEING.
  4335 | D:5      | 4335 ||| FLEEEEING.
  4336 | D:5      | 4336 ||| FLEEEEING.
  4337 | D:5      | 4337 ||| FLEEEEING.
  4338 | D:5      | 4338 ||| FLEEEEING.
  4339 | D:5      | 4339 ||| FLEEEEING.
  4340 | D:5      | 4340 ||| FLEEEEING.
  4341 | D:5      | 4341 ||| FLEEEEING.
  4343 | D:5      | 4343 ||| FLEEEEING.
  4344 | D:5      | 4344 ||| FLEEEEING.
  4345 | D:5      | 4345 ||| FLEEEEING.
  4346 | D:5      | 4346 ||| FLEEEEING.
  4347 | D:5      | 4347 ||| FLEEEEING.
  4348 | D:5      | 4348 ||| FLEEEEING.
  4349 | D:5      | 4349 ||| FLEEEEING.
  4350 | D:5      | 4350 ||| FLEEEEING.
  4351 | D:5      | 4351 ||| FLEEEEING.
  4816 | D:5      | Reached * piety under Okawaru
  4817 | D:5      | Reached XP level 8. HP: 28/49 MP: 8/8
  4817 | D:5      | 4817 ||| INVOKING Heroism.
  5081 | D:5      | 5081 ||| UPGRADING to +0 pair of boots.
  5086 | D:5      | 5086 ||| READING 2 scrolls of enchant armour.
  5086 | D:5      | 5086 ||| ENCHANTING +0 pair of boots.
  5087 | D:5      | 5087 ||| READING scroll of enchant armour.
  5087 | D:5      | 5087 ||| ENCHANTING +1 pair of boots.
  5144 | D:6      | Reached skill level 1 in Invocations
  5176 | D:6      | Reached skill level 9 in Ranged Weapons
  5186 | D:6      | 5186 ||| INVOKING Heroism.
  5200 | D:6      | Reached skill level 3 in Invocations
  5237 | D:6      | Reached skill level 6 in Fighting
  5276 | D:6      | 5276 ||| INVOKING Heroism.
  5277 | D:6      | 5277 ||| SWAPPING to +0 orcbow.
  5280 | D:6      | 5280 ||| DROPPING +4 shortbow of draining.
  5403 | D:6      | Reached XP level 9. HP: 55/55 MP: 12/12
  5432 | D:6      | 5432 ||| FLEEEEING.
  5433 | D:6      | 5433 ||| FLEEEEING.
  5436 | D:6      | 5436 ||| FLEEEEING.
  5437 | D:6      | 5437 ||| FLEEEEING.
  5438 | D:6      | 5438 ||| FLEEEEING.
  5439 | D:6      | 5439 ||| FLEEEEING.
  5442 | D:6      | 5442 ||| FLEEEEING.
  5443 | D:6      | 5443 ||| FLEEEEING.
  5597 | D:6      | Reached ** piety under Okawaru
  5763 | D:6      | 5763 ||| READING 6 scrolls of identify.
  5763 | D:6      | 5763 ||| IDENTIFYING glowing blue potion
  5764 | D:6      | 5764 ||| READING 5 scrolls of identify.
  5764 | D:6      | 5764 ||| IDENTIFYING fizzy purple potion
  5765 | D:6      | 5765 ||| DROPPING potion of degeneration.
  5785 | D:7      | 5785 ||| PLANNING OSSUARY
  5892 | D:7      | 5892 ||| INVOKING Heroism.
  5983 | D:7      | Reached skill level 10 in Ranged Weapons
  5995 | D:7      | 5995 ||| INVOKING Heroism.
  6203 | D:7      | Found a sand-covered staircase.
  6210 | D:7      | 6210 ||| INVOKING Heroism.
  6314 | Ossuary  | Entered an ossuary
  6670 | Ossuary  | 6670 ||| DRINKING 2 purple potions.
  6671 | Ossuary  | 6671 ||| READING 6 scrolls of identify.
  6671 | Ossuary  | 6671 ||| IDENTIFYING fuming grey potion
  6682 | D:7      | 6682 ||| PLANNING D:1-11
  6722 | D:7      | Found a glowing silver altar of Zin.
  6791 | D:7      | 6791 ||| INVOKING Heroism.
  6793 | D:7      | 6793 ||| Stepping ~*~*~tactically~*~*~ (cloud).
  6981 | D:7      | Reached skill level 11 in Ranged Weapons
  7024 | D:7      | Reached skill level 3 in Dodging
  7030 | D:7      | Reached skill level 3 in Armour
  7109 | D:7      | 7109 ||| INVOKING Heroism.
  7110 | D:7      | 7110 ||| Stepping ~*~*~tactically~*~*~ (outnumbered).
  7118 | D:7      | 7118 ||| DRINKING 5 potions of curing.
  7118 | D:7      | 7118 ||| (to cure confusion)
  7304 | D:7      | 7304 ||| INVOKING Heroism.
  7308 | D:7      | Reached XP level 10. HP: 64/64 MP: 10/13
  7382 | D:7      | 7382 ||| Stepping ~*~*~tactically~*~*~ (outnumbered).
  7387 | D:7      | 7387 ||| INVOKING Heroism.
  7469 | D:7      | 7469 ||| UPGRADING to +0 steam dragon scales.
  7479 | D:7      | 7479 ||| DROPPING +0 ring mail.
  7480 | D:7      | 7480 ||| READING 2 scrolls of enchant armour.
  7480 | D:7      | 7480 ||| ENCHANTING +0 steam dragon scales.
  7481 | D:7      | 7481 ||| READING scroll of enchant armour.
  7481 | D:7      | 7481 ||| ENCHANTING +1 steam dragon scales.
  7549 | D:8      | 7549 ||| INVOKING Heroism.
  7677 | D:8      | 7677 ||| SWAPPING to +0 arbalest.
  7678 | D:8      | 7678 ||| DROPPING +0 orcbow.
  7684 | D:8      | 7684 ||| INVOKING Heroism.
  7727 | D:8      | 7727 ||| INVOKING Heroism.
  7729 | D:8      | HP: 12/64 [rime drake/icy flash freeze (20)]
  7730 | D:8      | 7730 ||| READING 2 scrolls of teleportation.
  7731 | D:8      | 7731 ||| DRINKING potion of heal wounds.
  7857 | D:8      | 7857 ||| INVOKING Heroism.
  7861 | D:8      | Reached skill level 12 in Ranged Weapons
  7954 | D:8      | 7954 ||| INVOKING Heroism.
  7975 | D:8      | Found a hazy altar of Hepliaklqana.
  7976 | D:8      | Found a shimmering altar of Xom.
  7977 | D:8      | Noticed a spectral ugly thing
  8063 | D:8      | Found a staircase to the Lair.
  8155 | D:8      | 8155 ||| INVOKING Heroism.
  8215 | D:8      | 8215 ||| INVOKING Heroism.
  8609 | D:8      | 8609 ||| PLANNING LAIR
  8609 | D:8      | 8609 ||| UPGRADING to ring of resist corrosion.
  8610 | D:8      | 8610 ||| READING 5 scrolls of identify.
  8610 | D:8      | 8610 ||| IDENTIFYING pink potion
  8691 | Lair:1   | Entered Level 1 of the Lair of Beasts
  8707 | Lair:1   | Noticed a black mamba
  8708 | Lair:1   | 8708 ||| INVOKING Heroism.
  8715 | Lair:1   | Killed a black mamba
  8802 | Lair:1   | Reached skill level 13 in Ranged Weapons
  8817 | Lair:1   | 8817 ||| INVOKING Heroism.
  8821 | Lair:1   | Noticed a torpor snail
  8823 | Lair:1   | Reached skill level 9 in Fighting
  8825 | Lair:1   | Reached *** piety under Okawaru
  8826 | Lair:1   | Reached XP level 11. HP: 62/71 MP: 12/14
  8830 | Lair:1   | 8830 ||| INVOKING Heroism.
  8963 | Lair:1   | 8963 ||| INVOKING Heroism.
  8991 | Lair:1   | Noticed Maggie
  9000 | Lair:1   | 9000 ||| INVOKING Heroism.
  9009 | Lair:1   | Killed from afar by Maggie

Levels and vault maps discovered:
D:1:      scummos_arrival_simple_crosswalls, layout_loops_ring
D:2:      layout_basic
D:3:      layout_basic, mainiacjoe_overflow_catwalk, serial_undead,
          serial_undead_a, serial_undead_e, serial_undead_d, serial_undead_a,
          cheibrodos_sewer_entry_drain, hellmonk_ecumenical_altar_blasted,
          uniq_ijyb
D:4:      layout_loops_ring, temple_statues
D:5:      layout_loops_corners
D:6:      layout_cave_pools
D:7:      minmay_razor_zed, layout_loops_cross, mainiacjoe_overflow_alcove_1,
          enter_ossuary_4
D:8:      layout_basic, regret_index_temple_of_mockery, hellmonk_lair_entry_icy
Temple:   cyrus_circular_temple
Lair:1:   layout_hall_layers, enter_volcano_4, uniq_maggie

Skill      XL: |  1  2  3  4  5  6  7  8  9 10 |
---------------+-------------------------------+-----
Ranged Weapons | 5 6 7 8 9 11 13 | 13.7
Armour         | 1 2 3 |  3.1
Fighting       | 3 4 5 6 7 9 |  9.0
Dodging        | 2 3 4 |  4.0
Invocations    | 4 |  4.2
Stealth        | |  1.1

Action                     |  1- 3 |  4- 6 |  7- 9 | 10-12 || total
---------------------------+-------+-------+-------+-------++-------
   Fire: Shortbow          |   121 |   166 |   138 |       ||   425
         Orcbow            |       |       |   390 |    53 ||   443
         Arbalest          |       |       |       |   132 ||   132
 Invoke: Heroism           |       |       |     9 |    13 ||    22
    Use: Scroll            |     2 |    12 |     7 |     4 ||    25
         Potion            |       |     1 |     2 |     1 ||     4
 Armour: Leather armour    |     8 |       |       |       ||     8
         Ring mail         |     9 |    37 |   150 |     6 ||   202
         Steam dragon scal |       |       |       |    42 ||    42
  Dodge: Dodged            |    28 |    29 |   162 |    80 ||   299

Table legend:
 A = Non-vault XP
 B = Vault XP
 C = Vault XP percentage of total XP
 D = Non-vault monster count
 E = Vault monster count
 F = Vault count percentage of total count
                 A         B        C        D         E       F
            +---------+---------+-------+---------+---------+-------
      Total |    7390 |    3266 |  30.6 |     166 |     101 |  37.8
            +---------+---------+-------+---------+---------+-------
        D:1 |      34 |       0 |   0.0 |      20 |       0 |   0.0
        D:2 |      55 |       0 |   0.0 |      21 |       0 |   0.0
        D:3 |      50 |     130 |  72.2 |      21 |      10 |  32.3
        D:4 |     136 |       0 |   0.0 |      11 |       0 |   0.0
        D:5 |     633 |       0 |   0.0 |      17 |       0 |   0.0
        D:6 |    1294 |       0 |   0.0 |      17 |       0 |   0.0
        D:7 |    1146 |    1177 |  50.7 |      27 |      17 |  38.6
        D:8 |    1120 |    1293 |  53.6 |      21 |       7 |  25.0
     Lair:1 |    2922 |       0 |   0.0 |      11 |       0 |   0.0
      Sewer |       0 |     274 | 100.0 |       0 |      28 | 100.0
    Ossuary |       0 |     392 | 100.0 |       0 |      39 | 100.0
            +---------+---------+-------+---------+---------+-------
